 Dungeon Crawl Stone Soup version 0.31-a0-841-g038b102fc3 (webtiles) character file.

Game seed: 8111930982218828518

27 DApurpleWHUMPUS the Stinger (level 3, 0/24 HPs)
             Began as a Merfolk Venom Mage on Sept 27, 2023.
             Frozen to death by an endoplasm (4 damage)
             ... on level 1 of the Dungeon.
             The game lasted 00:05:55 (963 turns).

DApurpleWHUMPUS the Stinger (Merfolk Venom Mage)     Turns: 963, Time: 00:05:55

Health: 0/24       AC:  2    Str:  8    XL:     3   Next: 10%
Magic:  5/7        EV: 12    Int: 16    God:
Gold:   32         SH:  0    Dex: 14    Spells: 6/7 levels left

rFire   . . .        d - +0 dagger
rCold   . . .        (no shield)
rNeg    . . .        a - +0 robe
rPois   .            (no helmet)
rElec   .            (no cloak)
rCorr   .            (no gloves)
SInv    .            (no boots)
Will    .....        (no amulet)
Stlth   ++           (no ring)
HPRegen 0.24/turn    (no ring)
MPRegen 0.10/turn

%: no passive effects
@: no status effects
A: (nimble swimmer 2), mertail
a: no special abilities


You were on level 1 of the Dungeon.
You visited 1 branch of the dungeon, and saw 1 of its levels.

You collected 32 gold pieces.

Inventory:

Hand Weapons
 d - a +0 dagger (weapon)
 g - a +0 dagger
Armour
 a - a +0 robe (worn)
Magical Staves
 i - a staff of death
Scrolls
 c - a scroll of torment {unknown}
 f - a scroll of enchant armour {unknown}
Potions
 b - a potion of magic
 e - a potion of brilliance {unknown}
 h - 2 potions of cancellation {unknown}


   Skills:
 - Level 2.6 Dodging
 - Level 2.1 Stealth
 * Level 2.7 Spellcasting
 + Level 2.2 Transmutations
 + Level 3.6 Poison Magic


You had 6 spell levels left.
You knew the following spells:

 Your Spells              Type           Power      Damage    Failure   Level
a - Sting                 Tmut/Pois      44%        1d5       6%          1

Your spell library contained the following spells:

 Spells                   Type           Power      Damage    Failure   Level
 Poisonous Vapours        Pois/Air       16%        N/A       14%         2
 Mephitic Cloud           Conj/Pois/Air  6%         N/A       34%         3
 Olgreb's Toxic Radiance  Pois           13%        N/A       38%         4


Dungeon Overview and Level Annotations

Branches:
Dungeon (1/15)

Altars:


Innate Abilities, Weirdness & Mutations

((You are very nimble when in or above water. (Stealth+, EV+, Speed+++)))
Your lower body shifts to a powerful aquatic tail in water.


Message History

The jackal barks!
A jackal comes into view.
The hobgoblin attacks as it pursues you!
The hobgoblin hits you.
The endoplasm attacks as it pursues you!
The endoplasm hits you.
* * * LOW HITPOINT WARNING * * *
A jackal comes into view.
Casting: Sting (safe; 6% risk of failure)
Confirm with . or Enter, or press ? or * to list all spells.
Aiming: Sting (safe; 6% risk of failure)
Press: ? - help, Shift-Dir - straight line, f - jackal
Aim: a jackal (64% to hit)
The sting hits the jackal.
The jackal is poisoned.
The jackal is moderately wounded.
The jackal barks!
The jackal bites you.
* * * LOW HITPOINT WARNING * * *
The jackal bites you.
* * * LOW HITPOINT WARNING * * *
The jackal closely misses you. The jackal attacks as it pursues you!
The jackal barely misses you.
The jackal looks more healthy.
The jackal bites you but does no damage.
Casting: Sting (safe; 6% risk of failure)
Confirm with . or Enter, or press ? or * to list all spells.
Aiming: Sting (safe; 6% risk of failure)
Press: ? - help, Shift-Dir - straight line, f - you, p - jackal
Okay, then.
You hit the jackal.
You kill the jackal!
Casting: Sting (safe; 6% risk of failure)
Confirm with . or Enter, or press ? or * to list all spells.
Okay, then.
The endoplasm closely misses you.
You barely miss the endoplasm.
The endoplasm is almost dead.
The endoplasm freezes you.
You are frozen.
You die...

♣♣...♣♣♣ ♣♣.....#########.##.#.#
♣♣.♣♣♣♣ ♣♣.....##...........#.#
..♣♣ . ♣♣.....###.###....##....
♣♣♣ .♣.....#.###)###.........#
♣.♣............#.........#
♣♣♣♣...###..###.#.#.#####..##
♣♣♣....######.# #.#.#.. #..#.
♣♣♣....##......g###.#.#.. ##..#.
♣.............hJ@........ +.....
....[#.#.......####.#.#... ##..#.
....#.....####.# ##.# #....##..#.
.......#.## #... ... #....##..#.
..###.##.##########.###....#####.
.....J..gh....h. ...............
>.#......######.####.#....##...##
###.#....# #................
....#.#### #.#.#......###..#


You could see an endoplasm, a jackal and a hobgoblin.

Vanquished Creatures
  An endoplasm (D:1)
  3 hobgoblins (D:1)
  A jackal (D:1)
  7 ball pythons (D:1)
  A bat (D:1)
  A frilled lizard (D:1)
  5 goblins (D:1)
  4 kobolds (D:1)
  3 rats (D:1)
26 creatures vanquished.

Notes
Turn   | Place    | Note
-------+----------+-------------------------------------------
     0 | D:1      | DApurpleWHUMPUS the Merfolk Venom Mage began the quest for
                  | the Orb.
     0 | D:1      | Reached XP level 1. HP: 13/13 MP: 3/3
   328 | D:1      | Reached XP level 2. HP: 15/19 MP: 3/5
   752 | D:1      | Reached XP level 3. HP: 24/24 MP: 6/6
   963 | D:1      | Frozen to death by an endoplasm

Illustrated notes

Levels and vault maps discovered:
D:1:      kilobyte_arrival_exit_the_forest, layout_basic,
          nicolae_kite_square_tiling_tiny

Skill      XL: |  1  2 |
---------------+-------+-----
Transmutations | 2 |  2.2
Dodging        | |  2.6
Stealth        | |  2.1
Spellcasting   | |  2.7
Poison Magic   | |  3.6

Action                     || total
---------------------------++-------
  Melee: Unarmed           ||    10
         Dagger            ||    34
   Cast: Sting             ||    30
   Stab: Sleeping          ||     1
 Armour: Robe              ||    31
  Dodge: Dodged            ||    58

Table legend: (Time is in decaauts)
 A = Elapsed time spent in this place.
 B = Non-inter-level travel time spent in this place.
 C = Inter-level travel time spent in this place.
 D = Time resting spent in this place.
 E = Time spent auto-exploring this place.
 F = Levels seen in this place.
 G = Mean time per level.
                   A        B        C        D        E       F      G
               +--------+--------+--------+--------+--------+-----+--------+
         Total |    956 |    956 |      0 |      0 |    646 |   1 |  956.0 |
       Dungeon |    956 |    956 |      0 |      0 |    646 |   1 |  956.0 |
               +--------+--------+--------+--------+--------+-----+--------+

Top non-repeatable levels by time:
     D:1: 956 daAuts
